 Dungeon Crawl Stone Soup version 0.21.1-1-g345015f (webtiles) character file.

144 Kagorn the Cudgeler (level 5, 0/53 HPs)
             Began as a Troll Monk on July 16, 2018.
             Was a Believer of Makhleb.
             Slain by a centaur (6 damage)
             ... on level 3 of the Dungeon.
             The game lasted 00:09:11 (1229 turns).

Kagorn the Cudgeler (Troll Monk)                    Turns: 1229, Time: 00:09:12

Health: 0/53       AC:  5    Str: 20    XL:     5   Next: 5%
Magic:  4/4        EV: 10    Int:  6    God:    Makhleb [**....]
Gold:   74         SH:  0    Dex: 12    Spells: 4/4 levels left

rFire    . . .     SeeInvis .   a - +1 mace
rCold    . . .     Gourm    +   (no shield)
rNeg     . . .     Faith    .   b - +0 robe
rPois    .         Spirit   .   (helmet restricted)
rElec    .         Reflect  .   (no cloak)
rCorr    .         Harm     .   (gloves unavailable)
MR       .....                  (boots unavailable)
Stlth    ++........             (no amulet)
HPRegen  0.57/turn              (no ring)
MPRegen  0.09/turn              (no ring)

@: no status effects
A: large, unfitting armour, claws 3, fast metabolism 3, gourmand, regeneration
1, shaggy fur 1, tough skin 2
a: Minor Destruction, Renounce Religion


You were on level 3 of the Dungeon.
You worshipped Makhleb.
Makhleb was pleased with you.
You were very full.

You visited 1 branch of the dungeon, and saw 3 of its levels.

You collected 74 gold pieces.

Inventory:

Hand Weapons
 a - a +1 mace (weapon)
Armour
 b - a +0 robe (worn)
Scrolls
 g - a scroll of remove curse
 h - 3 scrolls of identify
Potions
 e - a potion of flight
 f - a potion of cancellation
 k - 2 potions of haste
Comestibles
 c - 7 rations
 d - 5 chunks of flesh


   Skills:
 * Level 3.2 Fighting
 * Level 4.3 Maces & Flails
 + Level 2.8 Dodging
 + Level 1.1 Stealth


You had 4 spell levels left.
You didn't know any spells.

Dungeon Overview and Level Annotations

Branches:
Dungeon (3/15)

Altars:
Cheibriados
Makhleb
Qazlal
Trog


Innate Abilities, Weirdness & Mutations

You are too large for most types of armour.
You have claws for hands.
Your metabolism is lightning-fast.
You like to eat raw meat.
Your natural rate of healing is unusually fast.
You are covered in fur. (AC +1)
You have very tough skin. (AC +2)


Message History

Some of the chunks of flesh in your inventory have rotted away.
You hit the adder.
The adder is moderately wounded.
The centaur barely misses you. The adder barely misses you.
The centaur hits you.
* * * LOW HITPOINT WARNING * * *
The adder bites you but does no damage.
You miss the adder.
The adder is moderately wounded.
The centaur hits you.
* * * LOW HITPOINT WARNING * * *
The adder closely misses you. The centaur barely misses you.
You thump the adder!
You kill the adder!
Makhleb accepts your kill.
You have reached level 5!
The centaur hits you!
* * * LOW HITPOINT WARNING * * *
The centaur hits you.
You die...

.%...#
#.....÷.#.....#
##...#
#.#.#.#.#.....###
##..#
#.#.#..(......#
#..# #
#.#....#..# ####
#.#..(.!?.#
#.#.#(....#+#
#.#.#$.......
#.#.#(.......
#.#@.......
#.#c†......
#.#.....###
#..#.....
#.##..### #<.
>... #.# .##. #..


You could see a centaur.

Vanquished Creatures
  A crimson imp (D:2)
  A hound (D:2)
  2 adders (D:3)
  3 worms
  2 dart slugs (D:1)
  3 leopard geckos
  An orc (D:3)
  4 ball pythons
  3 giant cockroaches
  2 goblins (D:1)
  3 hobgoblins
  3 jackals (D:2)
  8 kobolds
  2 bats (D:1)
  4 frilled lizards
  9 rats
51 creatures vanquished.

Notes
Turn   | Place    | Note
-------+----------+-------------------------------------------
     0 | D:1      | Kagorn the Troll Monk began the quest for the Orb.
     0 | D:1      | Reached XP level 1. HP: 22/22 MP: 0/0
    62 | D:1      | Reached XP level 2. HP: 29/29 MP: 1/1
   142 | D:1      | Reached skill level 3 in Maces & Flails
   307 | D:1      | Reached XP level 3. HP: 33/36 MP: 2/2
   581 | D:2      | Found a stormy altar of Qazlal.
   717 | D:2      | Found a bloodstained altar of Trog.
   729 | D:2      | Found a snail-covered altar of Cheibriados.
   907 | D:2      | Reached XP level 4. HP: 18/45 MP: 3/3
  1015 | D:2      | Found a burning altar of Makhleb.
  1023 | D:2      | Reached skill level 4 in Maces & Flails
  1033 | D:2      | Became a worshipper of Makhleb the Destroyer
  1033 | D:2      | Reached * piety under Makhleb
  1033 | D:2      | Reached ** piety under Makhleb
  1219 | D:3      | Noticed a centaur
  1229 | D:3      | Reached XP level 5. HP: 12/53 MP: 4/4
  1229 | D:3      | Slain by a centaur

Skill      XL: |  1  2  3  4 |
---------------+-------------+-----
Maces & Flails | 3 4 |  4.3
Fighting       | 3 |  3.2
Dodging        | |  2.8
Stealth        | |  1.1

Action                   |  1- 3 |  4- 6 || total
-------------------------+-------+-------++-------
Melee: Mace              |   118 |    67 ||   185
  Use: Potion            |     1 |       ||     1
       Scroll            |       |     6 ||     6
 Stab: Sleeping          |     3 |       ||     3
  Eat: Chunk             |    14 |     2 ||    16
Armor: Robe              |    71 |    33 ||   104
Dodge: Dodged            |    96 |    44 ||   140
